 Dungeon Crawl Stone Soup version 0.28.0-49-g6dfe1f597d (webtiles) character file.

Game seed: 8506129609815640385

105 Zeld the Chopper (level 4, -5/61 HPs)
             Began as a Minotaur Berserker on May 20, 2022.
             Was a Believer of Trog.
             Slain by a gnoll
             ... wielding a +0 spear
              (8 damage)
             ... on level 3 of the Dungeon.
             The game lasted 00:01:27 (2387 turns).

Zeld the Chopper (Minotaur Berserker)               Turns: 2387, Time: 00:01:28

Health: -5/61      AC:  3    Str: 24    XL:     4   Next: 53%
Magic:  3/3        EV: 12    Int:  4    God:    Trog [**....]
Gold:   9          SH:  0    Dex:  9    Spells: 3/3 levels left

rFire   . . .      SeeInvis .   a - +0 hand axe
rCold   . . .      Faith    .   (no shield)
rNeg    . . .      Spirit   .   b - +0 animal skin
rPois   .          Reflect  .   (helmet restricted)
rElec   .          Harm     .   l - +0 cloak
rCorr   .          Rampage  .   (no gloves)
Will    .....                   (no boots)
Stlth   ..........              (no amulet)
HPRegen 0.20/turn               (no ring)
MPRegen 0.08/turn               (no ring)

@: berserking (expiring), very quick
A: horns 2, retaliatory headbutt
a: Renounce Religion, Berserk, Trog's Hand


You were on level 3 of the Dungeon.
You worshipped Trog.
Trog was pleased with you.
You visited 1 branch of the dungeon, and saw 3 of its levels.

You collected 103 gold pieces.
You spent 94 gold pieces at shops.

Inventory:

Hand Weapons
 a - a +0 hand axe (weapon)
Armour
 b - a +0 animal skin (worn)
 l - a +0 cloak (worn)
Scrolls
 d - a scroll of blinking {unknown}
 e - 2 scrolls of identify {unknown}
 f - 2 scrolls of fear {unknown}
 i - a scroll of magic mapping {unknown}
 j - a scroll of summoning {unknown}
 m - a scroll of teleportation {unknown}
Potions
 c - 2 potions of brilliance {unknown}
 g - 3 potions of lignification {unknown}
 h - a potion of heal wounds {unknown}
 k - 2 potions of curing {unknown}


   Skills:
 * Level 4.7 Fighting
 * Level 4.8 Axes
 + Level 3.2 Armour
 + Level 2.9 Dodging


You had 3 spell levels left.
You didn't know any spells.
Your spell library was empty.

Dungeon Overview and Level Annotations

Branches:
Dungeon (3/15)

Altars:

Shops:
D:2 *


Innate Abilities, Weirdness & Mutations

You have a pair of horns on your head.
You reflexively headbutt those who attack you in melee.


Message History

Trog accepts your kill. The gnoll barely misses you.
The orc wizard points at you and mumbles some strange words.
You resist with some effort.
You closely miss the orc priest.
The orc priest is severely wounded.
You barely miss the orc wizard. You hit the gnoll. The orc priest misses you.
You furiously retaliate!
You headbutt the orc priest.
Unknown command.
The gnoll hits you with a +0 club. The gnoll barely misses you.
The gnoll closely misses you.
Things that are here:
a +0 short sword; 26 stones; an orc corpse Unknown command.
You barely miss the orc wizard.
The orc wizard is almost dead.
You hit the gnoll. x2
You kill the gnoll!
Trog accepts your kill. The gnoll barely misses you.
The gnoll hits you with a +0 halberd.
* * * LOW HITPOINT WARNING * * *
The orc wizard casts a spell.
The orc wizard flickers and vanishes!
Deactivating autopickup; reactivate with Ctrl-A.
You slash the gnoll!
You kill the gnoll!
Trog accepts your kill.
You closely miss something.
You hit the orc priest but do no damage.
The orc priest hits you with a +0 short sword!
* * * LOW HITPOINT WARNING * * *
Found 19 arrows.
The gnoll hits you with a +0 spear.
* * * LOW HITPOINT WARNING * * *
You hear some strange, mumbled words.
A puff of flame appears from out of thin air!
The puff of flame misses you.
Things that are here:
a +0 halberd; a gnoll corpse You closely miss the gnoll.
The gnoll hits you with a +0 spear!
You die...

## # .# #. .######
#.# ##......(
#..###g.......
#.#..)@# #...{o.#
#...))o# #........#
###.#....#
#..^...#######
####.#.)...†.#
#.#.#####.#
#.#.#####.#####.####


You could see an orc priest, a gnoll and an orc.

Vanquished Creatures
  4 gnolls
  2 adders (D:2)
  A dart slug (D:1)
  6 orcs
  An endoplasm (D:2)
  2 giant cockroaches (D:2)
  2 hobgoblins (D:1)
  5 ball pythons
  8 bats
  2 frilled lizards (D:2)
  5 goblins
  A kobold (D:1)
  5 rats
44 creatures vanquished.

Notes
Turn   | Place    | Note
-------+----------+-------------------------------------------
     0 | D:1      | Zeld the Minotaur Berserker began the quest for the Orb.
     0 | D:1      | Reached XP level 1. HP: 19/19 MP: 0/0
   693 | D:1      | Reached XP level 2. HP: 27/27 MP: 1/1
   768 | D:1      | Found a faded altar of an unknown god.
  1140 | D:2      | Reached XP level 3. HP: 33/33 MP: 2/2
  1551 | D:2      | Reached ** piety under Trog
  2125 | D:2      | Reached XP level 4. HP: 41/41 MP: 3/3
  2129 | D:2      | Found Zuzuell's Assorted Antiques.
  2132 | D:2      | Bought a fuming red potion for 22 gold pieces
  2132 | D:2      | Bought a scroll labelled WUANAU OSCHYKK for 25 gold pieces
  2132 | D:2      | Bought a scroll labelled NEZIURIBIC for 25 gold pieces
  2132 | D:2      | Bought a bubbling yellow potion for 22 gold pieces
  2386 | D:3      | HP: 3/61 [gnoll/+0 spear (4)]
  2387 | D:3      | Slain by a gnoll

Illustrated notes

Levels and vault maps discovered:
D:1:      mrwooster_arrival_statue, layout_loops_corners,
          shapermc_ecumenical_altar_totnotflames
D:2:      layout_rooms, serial_shops, nicolae_shop_behind_doors, minivault_23
D:3:      layout_loops_cross, zin_angel, uniq_jessica

Skill      XL: |  1  2  3 |
---------------+----------+-----
Fighting       | 4 |  4.7
Axes           | 4 |  4.8
Armour         | 3 |  3.2
Dodging        | |  2.9

Action                   |  1- 3 |  4- 6 || total
-------------------------+-------+-------++-------
Melee: Hand axe          |    70 |    12 ||    82
       Headbutt          |    10 |       ||    10
       Punch             |     3 |       ||     3
Invok: Berserk           |     1 |     1 ||     2
 Stab: Sleeping          |     1 |       ||     1
Armor: Animal skin       |    20 |     1 ||    21
Dodge: Dodged            |    72 |    21 ||    93
